 Dungeon Crawl Stone Soup version 0.32-a0-913-g739538afd8 (webtiles) character file.

Game seed: 5232543334668647352

1564 ragingrage the Apothecary (level 8, -1/39 HPs)
             Began as a Felid Alchemist on Apr 9, 2024.
             Was an Initiate of Ru.
             Slain by a gnoll sergeant
             ... wielding a +0 spear
              (10 damage)
             ... on level 7 of the Dungeon.
             The game lasted 00:12:13 (2548 turns).

ragingrage the Apothecary (Felid Alchemist)         Turns: 2548, Time: 00:12:14

Health: -1/39      AC:  2    Str:  4    XL:     8   Next: 58%
Magic:  4/12       EV: 19    Int: 20    God:    Ru [......]
Gold:   162        SH:  0    Dex: 18    Spells: 3/11 levels left
                                        Lives:  0   Deaths: 2

rFire   . . .        (weapon unavailable)
rCold   . . .        (shield unavailable)
rNeg    . . .        (body armour unavailable)
rPois   .            (helmet unavailable)
rElec   .            (cloak unavailable)
rCorr   .            (gloves unavailable)
SInv    +            (boots unavailable)
Will    +....        (no amulet)
Stlth   +++          (no ring)
HPRegen 0.26/turn    (no ring)
MPRegen 0.13/turn

%: no passive effects
@: lethally poisoned (-1 -> -6)
A: very small, claws 1, fangs 3, see invisible, shaggy fur 2, stealthy paws, no
weapons or thrown items, no armour, multi-lived
a: Renounce Religion


You were on level 7 of the Dungeon.
You worshipped Ru.
Ru was noncommittal.
You visited 2 branches of the dungeon, and saw 8 of its levels.

You collected 162 gold pieces.

Inventory:

Talismans
 k - a flux talisman
Wands
 g - a wand of roots (16)
 p - a wand of flame (23)
Scrolls
 b - a scroll of teleportation {unknown}
 e - 4 scrolls of poison
 f - 2 scrolls of summoning
 m - a scroll of blinking
 n - a scroll of enchant armour {unknown}
 r - a scroll of silence {unknown}
Potions
 a - a potion of magic
 c - 3 potions of enlightenment
 i - 2 potions of heal wounds
 o - a potion of haste {unknown}


   Skills:
 - Level 2.0 Fighting
 - Level 5.0 Dodging
 - Level 4.0 Stealth
 - Level 2.0 Spellcasting
 - Level 3.0 Conjurations
 - Level 4.0 Fire Magic
 - Level 2.0 Air Magic
 + Level 7.5 Alchemy


You had 3 spell levels left.
You knew the following spells:

 Your Spells              Type           Power      Damage    Failure   Level
a - Sting                 Conj/Alch      92%        1d8       1%          1
b - Mephitic Cloud        Conj/Alch/Air  18%        N/A       9%          3
c - Sticky Flame          Fire/Alch      25%        2d6       14%         4

Your spell library contained the following spells:

 Spells                   Type           Power      Damage    Failure   Level
 Mercury Vapours          Alch/Air       42%        N/A       3%          2
 Olgreb's Toxic Radiance  Alch           32%        N/A       7%          4


Dungeon Overview and Level Annotations

Branches:
Dungeon (7/15)             Temple (1/1) D:6

Altars:
Ashenzari
Dithmenos
Fedhas
Gozag
Hepliaklqana
Makhleb
Nemelex Xobeh
Okawaru
Qazlal
Ru
Trog
Uskayaw
Vehumet
Wu Jian
Xom
Yredelemnul
Zin
The Shining One

Shops:
D:2 [   D:6 (

Annotations:
D:3 Grinder


Innate Abilities, Weirdness & Mutations

You have sharp claws.
You have razor-sharp teeth.
You have supernaturally acute eyesight. (SInv)
You are covered in thick fur. (AC +2)
Your paws help you pounce on unaware monsters.
You are incapable of wielding weapons or throwing items.
You cannot wear armour.
You gain extra lives every three experience levels.


Message History

The sting hits the gnoll.
The gnoll looks even sicker.
You kill the gnoll!
A gnoll sergeant comes into view.
It is wielding a +0 spear and wearing a +0 buckler of reflection.
Casting: Sting (safe; 1% risk of failure)
Aiming: Mephitic Cloud (dangerous; 9% risk of failure)
Press: ? - help, Shift-Dir - straight line, f - gnoll sergeant
Aim: a gnoll sergeant, wielding a +0 spear, wearing a +0 ring mail and wearing a +0 buckler of reflection (reflecting blocked projectiles, chance to affect: 81%)
You miscast Mephitic Cloud.
You are very lightly contaminated with residual magic.
Nothing appears to happen.
Casting: Mephitic Cloud (dangerous; 9% risk of failure)
You don't have enough magic to cast this spell.
Unknown command.
The gnoll sergeant hits you from afar with a +0 spear!
A water moccasin comes into view.
The water moccasin hisses angrily.
The gnoll sergeant attacks as it pursues you!
The gnoll sergeant misses you.
Your magical contamination has completely faded away.
Casting: Mephitic Cloud (dangerous; 9% risk of failure)
Okay, then.
Casting: Mephitic Cloud (dangerous; 9% risk of failure)
You don't have enough magic to cast this spell.
The water moccasin closely misses you. The water moccasin bites you!
You are poisoned.
The water moccasin poisons you!
It was a potion of might.
You feel very mighty all of a sudden.
You feel very sick.
The gnoll sergeant hits you but does no damage.
The water moccasin barely misses you.
Unknown command.
It was a potion of cancellation.
Your magical effects are unravelling.
You feel magically purged.
You feel a little less mighty now.
You feel sick. The water moccasin misses you.
The gnoll sergeant hits you from afar with a +0 spear!
You die...
Ru respects your ultimate sacrifice.

#.####..# ##
#.####..# .#
#.##....# .#
#.##.##.#
.###
...#.##.##.#
...#
...........#
.#.#
.....##.#g##
.#.# ....
#.S.# .#.#
.......#.@#
##.#
###..#.#..#
...# #.
.....# ####
##.#.##
#.#.# . ..
.. .. ## .)
... .# ###


You could see a water moccasin and a gnoll sergeant (reflecting).

Vanquished Creatures
  Pikel (D:6)
  Sigmund (D:2)
  An ice beast (D:6)
  A black bear (D:6)
  A centaur (D:5)
  An ogre (D:5)
  A phantom (D:5)
  A scorpion (D:6)
  A hound (D:4)
  A jelly (D:6)
  Jessica (D:3)
  4 iguanas
  Ijyb (D:3)
  3 orc wizards (D:5)
  Terence (D:3)
  Robin (D:3)
  9 gnolls
  An adder (D:3)
  A shadow imp (D:5)
  A white imp (D:7)
  3 dart slugs
  5 orcs
  5 bats
  3 endoplasms
  10 goblins
  4 hobgoblins
  8 jackals
  12 kobolds
  4 quokkas
  6 ball pythons
  4 frilled lizards
  A rat (D:1)
98 creatures vanquished.

Notes
Turn   | Place    | Note
-------+----------+-------------------------------------------
     0 | D:1      | ragingrage the Felid Alchemist began the quest for the Orb.
     0 | D:1      | Reached XP level 1. HP: 9/9 MP: 4/4
    17 | D:2      | Reached skill level 1 in Conjurations
   119 | D:1      | Reached XP level 2. HP: 13/13 MP: 1/6
   140 | D:1      | Reached skill level 3 in Alchemy
   296 | D:2      | Found Ilyrasets's Antique Armour Shoppe.
   379 | D:2      | Noticed Sigmund
   417 | D:2      | Killed Sigmund
   418 | D:2      | Reached skill level 4 in Alchemy
   418 | D:2      | Reached skill level 1 in Fighting
   418 | D:2      | Reached XP level 3. HP: 10/18 MP: 1/7
   418 | D:2      | Reached XP level 4. HP: 13/23 MP: 1/8
   418 | D:2      | Gained a life (2 lives remaining)
   418 | D:2      | Reached XP level 5. HP: 15/26 MP: 1/9
   480 | D:3      | Noticed Grinder
   498 | D:2      | Learned a level 3 spell: Mephitic Cloud
   503 | D:2      | Learned a level 4 spell: Sticky Flame
   522 | D:3      | Noticed Terence
   530 | D:3      | Killed Terence
   534 | D:3      | Noticed Robin
   573 | D:3      | Killed Robin
   684 | D:3      | Noticed Ijyb
   688 | D:3      | Killed Ijyb
   689 | D:3      | Reached skill level 1 in Air Magic
   800 | D:3      | Gained mutation: You are covered in thick fur. (AC +2)
                  | [Felid growth]
   800 | D:3      | Reached XP level 6. HP: 21/30 MP: 3/10
  1064 | D:3      | Noticed Jessica
  1074 | D:3      | Killed Jessica
  1099 | D:5      | Entered Level 5 of the Dungeon
  1109 | D:4      | Found a hazy altar of Hepliaklqana.
  1155 | D:4      | Reached skill level 1 in Fire Magic
  1402 | D:5      | Reached skill level 5 in Alchemy
  1415 | D:4      | Reached XP level 7. HP: 29/35 MP: 0/11
  2097 | D:6      | Found Damedd's Antique Weapon Shop.
  2120 | D:6      | Reached skill level 6 in Alchemy
  2190 | D:6      | Found a staircase to the Ecumenical Temple.
  2192 | D:6      | Noticed Pikel
  2199 | Temple   | Entered the Ecumenical Temple
  2224 | Temple   | Became a worshipper of Ru the Awakened
  2246 | D:6      | Killed Pikel
  2247 | D:6      | Reached skill level 7 in Alchemy
  2247 | D:6      | Reached XP level 8. HP: 10/39 MP: 2/12
  2297 | D:6      | Slain by a black bear
  2297 | D:6      | Lost a life (1 life remaining)
  2336 | D:6      | Noticed a two-headed ogre
  2377 | D:6      | Reached skill level 5 in Dodging
  2451 | D:7      | Noticed a manticore
  2457 | D:7      | Slain by a manticore
  2457 | D:7      | Lost a life (0 lives remaining)
  2548 | D:7      | Slain by a gnoll sergeant

Illustrated notes

Levels and vault maps discovered:
D:1:      dpeg_arrival_shrine, layout_basic, serial_shops, shop,
          kennysheep_flooded_box
D:2:      layout_basic, shapermc_ecumenical_altar_acropolis, serial_shops, shop,
          corexii_leaking_fountain, uniq_sigmund
D:3:      layout_rooms, uniq_grinder, uniq_robin, uniq_terence, uniq_jessica,
          uniq_ijyb
D:4:      layout_cave_pods, mainiacjoe_overflow_boulevard, serial_column_ruins,
          column_ruins_hut_ruined, column_ruins_grid_4, column_ruins_columns_T,
          column_ruins_open_small_water, column_ruins_corridor_straight,
          column_ruins_grid_3
D:5:      layout_basic, kennysheep_generic_room_10
D:6:      layout_layer_cave, minmay_temple_entry_ruins, serial_shops,
          nicolae_shop_stone, uniq_pikel
D:7:      layout_loops_cross
Temple:   sentei_temple_godly_chess

Skill      XL: |  1  2  3  4  5  6  7  8 |
---------------+-------------------------+-----
Conjurations   | 1 2 3 |  3.0
Stealth        | 3 4 |  4.0
Alchemy        | 4 5 7 |  7.5
Fighting       | 1 2 |  2.0
Air Magic      | 1 2 |  2.0
Fire Magic     | 2 4 |  4.0
Dodging        | 4 5 |  5.0
Spellcasting   | |  2.0

Action                     |  1- 3 |  4- 6 |  7- 9 || total
---------------------------+-------+-------+-------++-------
  Melee: Unarmed           |    20 |    74 |    38 ||   132
         Bite              |     1 |    15 |     6 ||    22
         Punch             |       |     1 |       ||     1
   Cast: Sting             |    33 |    75 |    81 ||   189
         Mephitic Cloud    |       |     4 |     4 ||     8
         Sticky Flame      |       |     2 |     3 ||     5
  Evoke: Wand              |       |       |     2 ||     2
    Use: Scroll            |       |     3 |     3 ||     6
         Potion            |       |       |     4 ||     4
   Stab: Sleeping          |       |     1 |     1 ||     2
 Armour: Skin              |    10 |    26 |    60 ||    96
  Dodge: Dodged            |    35 |    81 |    77 ||   193

Table legend: (Time is in decaauts)
 A = Elapsed time spent in this place.
 B = Non-inter-level travel time spent in this place.
 C = Inter-level travel time spent in this place.
 D = Time resting spent in this place.
 E = Time spent auto-exploring this place.
 F = Levels seen in this place.
 G = Mean time per level.
                   A        B        C        D        E       F      G
               +--------+--------+--------+--------+--------+-----+--------+
         Total |   2558 |   2454 |    104 |      3 |      5 |   8 |  319.8 |
       Dungeon |   2520 |   2416 |    104 |      3 |      5 |   7 |  360.0 |
        Temple |     37 |     37 |      0 |      0 |      0 |   1 |   37.0 |
               +--------+--------+--------+--------+--------+-----+--------+

Top non-repeatable levels by time:
     D:4: 588 daAuts
     D:3: 496 daAuts
     D:5: 475 daAuts
     D:6: 363 daAuts
     D:1: 283 daAuts
     D:2: 211 daAuts
     D:7: 102 daAuts
  Temple: 37 daAuts
